 Dungeon Crawl Stone Soup version 0.32-a0-996-gb3226c233f (webtiles) character file.

Game seed: 7234048815567317598

144 GabrielManson the Shield-Bearer (level 5, -4/42 HPs)
             Began as a Formicid Fighter on Apr 23, 2024.
             Was a Follower of Cheibriados.
             Slain by an iguana (9 damage)
             ... on level 4 of the Dungeon.
             The game lasted 00:08:14 (2515 turns).

GabrielManson the Shield-Bearer (Formicid Fighter)  Turns: 2515, Time: 00:08:14

Health: -4/42      AC:  8    Str: 24 (25) XL:     5   Next: 52%
Magic:  5/5        EV:  8    Int:  8 (9)  God:    Cheibriados [*.....]
Gold:   153        SH: 10    Dex: 13 (15) Spells: 4/4 levels left

rFire   . . .        a - +0 trident
rCold   . . .        c - +0 buckler
rNeg    + . .        b - +0 scale mail
rPois   .            (helmet unavailable)
rElec   .            (no cloak)
rCorr   .            e - +0 pair of gloves
SInv    +            (no boots)
Will    .....        g - amulet of reflection Stlth
                     l - ring of positive energy
HPRegen 0.27/turn    (no ring)
MPRegen 0.09/turn

%: reflection
@: silenced, very slow
A: permanent stasis, dig shafts and tunnels, antennae 3, four strong arms
a: Dig, Shaft Self, Renounce Religion


You were on level 4 of the Dungeon.
You worshipped Cheibriados.
Cheibriados was aware of your devotion.
You visited 1 branch of the dungeon, and saw 4 of its levels.

You collected 153 gold pieces.

Inventory:

Hand Weapons
 a - a +0 trident (weapon)
Armour
 b - a +0 scale mail (worn)
 c - a +0 buckler (worn)
 e - a +0 pair of gloves (worn)
Jewellery
 g - an amulet of reflection (around neck)
 l - a ring of positive energy (left hand)
 n - an amulet of faith
Scrolls
 m - a scroll of silence
 o - a scroll of identify
 p - a scroll of teleportation {unknown}
Potions
 d - a potion of might
 f - a potion of curing
 h - a potion of invisibility
 i - a potion of heal wounds
 j - a potion of resistance
 k - a potion of enlightenment


   Skills:
 + Level 4.3 Fighting
 + Level 3.0 Polearms
 + Level 4.3 Armour
 + Level 5.1 Shields


You had 4 spell levels left.
You didn't know any spells.
Your spell library contained the following spells:

 Spells                   Type           Power      Damage    Failure   Level
 Sting                    Conj/Alch      0%         1d3       77%         1
 Mercury Vapours          Alch/Air       0%         N/A       88%         2
 Olgreb's Toxic Radiance  Alch           0%         N/A       100%        4


Dungeon Overview and Level Annotations

Branches:
Dungeon (4/15)
 Temple: D:4-7

Altars:
Cheibriados

Annotations:
D:4 Dowan, Duvessa


Innate Abilities, Weirdness & Mutations

You cannot be hasted, slowed, berserked, paralysed or teleported.
You can dig through walls and to a lower floor.
You have a pair of large antennae on your head. (SInv)
Your four strong arms can wield two-handed weapons with a shield.


Message History

Duvessa is moderately wounded.
The adder barely misses you. Duvessa barely misses you. The iguana bites you.
The adder bites you but does no damage.
You hit Duvessa but do no damage.
Duvessa is moderately wounded.
You block Duvessa's attack. You block the iguana's attack.
The adder bites you but does no damage. Duvessa closely misses you.
You hit Duvessa but do no damage.
Duvessa is moderately wounded.
You block Duvessa's attack. You block the adder's attack.
The iguana bites you but does no damage.
Duvessa closely misses you. The adder barely misses you.
The iguana bites you but does no damage.
You hit Duvessa but do no damage.
Duvessa is moderately wounded.
You block Duvessa's attack. The adder misses you.
Duvessa hits you with a +0 short sword!
The iguana bites you but does no damage.
You barely miss Duvessa.
Duvessa is moderately wounded.
The adder bites you but does no damage. Duvessa hits you with a +0 short sword!
The adder bites you but does no damage.
The iguana bites you but does no damage.
You hit Duvessa.
Duvessa is heavily wounded.
Duvessa hits you with a +0 short sword!
* * * LOW HITPOINT WARNING * * *
The adder bites you but does no damage. You block Duvessa's attack.
You block the iguana's attack.
You barely miss Duvessa.
Duvessa is heavily wounded.
Duvessa hits you with a +0 short sword.
* * * LOW HITPOINT WARNING * * *
You block the adder's attack. The iguana barely misses you.
Duvessa barely misses you. You block the adder's attack.
You hit Duvessa.
Duvessa is heavily wounded.
You block Duvessa's attack. You block the adder's attack. The iguana bites you!
You die...
Cheibriados appreciates the motionlessness of death.

#....#####
##..### #...#
####...#
##......#
#.......#
#..#.##..# .
#..<..#
#....##@#
.....#.leS....#
.....#..e.....#
..............#
..............#
$...#.........#
...##........#
.. #...######


You could see Duvessa (fast), Dowan, an iguana and an adder.

Vanquished Creatures
  An orc wizard (D:3)
  3 adders
  A ribbon worm (D:2)
  A dart slug (D:3)
  10 orcs (D:3)
  7 endoplasms
  A giant cockroach (D:2)
  4 goblins
  6 hobgoblins
  7 jackals (D:2)
  9 kobolds
  3 quokkas
  4 ball pythons
  7 bats
  A frilled lizard (D:3)
  5 rats
70 creatures vanquished.

Notes
Turn   | Place    | Note
-------+----------+-------------------------------------------
     0 | D:1      | GabrielManson the Formicid Fighter began the quest for the
                  | Orb.
     0 | D:1      | Reached XP level 1. HP: 18/18 MP: 1/1
   354 | D:1      | Reached XP level 2. HP: 24/24 MP: 2/2
  1016 | D:2      | Reached XP level 3. HP: 29/29 MP: 3/3
  1336 | D:2      | Reached XP level 4. HP: 37/37 MP: 4/4
  1597 | D:3      | Reached XP level 5. HP: 38/42 MP: 5/5
  1607 | D:3      | Reached skill level 5 in Shields
  2028 | D:3      | Found a faded altar of an unknown god.
  2039 | D:3      | Prayed at the altar of an unknown god.
  2039 | D:3      | Became a worshipper of Cheibriados the Contemplative
  2039 | D:3      | Reached * piety under Cheibriados
  2496 | D:4      | Noticed Dowan
  2497 | D:4      | Noticed Duvessa
  2515 | D:4      | Slain by an iguana

Illustrated notes

Levels and vault maps discovered:
D:1:      ncdulo_wetmaze, layout_loops_corners
D:2:      layout_rooms, grunt_ministairs_8
D:3:      layout_basic, hellmonk_ecumenical_altar_pennies_from_heaven,
          minmay_misc_feat_pillars
D:4:      layout_rooms, mainiacjoe_overflow_chevrons, uniq_duvessa,
          uniq_grinder, uniq_edmund

Skill      XL: |  1  2  3  4  5 |
---------------+----------------+-----
Fighting       | 4 |  4.3
Armour         | 4 |  4.3
Shields        | 5 |  5.1
Polearms       | 3 |  3.0

Action                     |  1- 3 |  4- 6 || total
---------------------------+-------+-------++-------
  Melee: Trident           |    98 |   160 ||   258
    Use: Scroll            |     4 |     1 ||     5
         Potion            |     3 |     1 ||     4
 Armour: Scale mail        |    66 |   137 ||   203
  Dodge: Dodged            |    34 |    84 ||   118
  Block: Buckler           |    55 |   118 ||   173
         Reflection        |     2 |     1 ||     3

Table legend: (Time is in decaauts)
 A = Elapsed time spent in this place.
 B = Non-inter-level travel time spent in this place.
 C = Inter-level travel time spent in this place.
 D = Time resting spent in this place.
 E = Time spent auto-exploring this place.
 F = Levels seen in this place.
 G = Mean time per level.
                   A        B        C        D        E       F      G
               +--------+--------+--------+--------+--------+-----+--------+
         Total |   2736 |   2661 |     75 |      0 |   2096 |   4 |  684.0 |
       Dungeon |   2736 |   2661 |     75 |      0 |   2096 |   4 |  684.0 |
               +--------+--------+--------+--------+--------+-----+--------+

Top non-repeatable levels by time:
     D:3: 1094 daAuts
     D:1: 964 daAuts
     D:2: 629 daAuts
     D:4: 48 daAuts
